Construct Section Command Post
Construct Section Command Post
Construct Platoon Command Post
6-pounder Anti-tank Gun Team
Selects Air and Sea Battlegroup
Construct Field Infirmary
6-pounder Anti-tank Gun Team
Unlock Bishop Self-propelled Artillery
Selects Commando Section Paradrop
Selects Commando Section Paradrop
Selects M1 Pack Howitzer Paradrop
Bishop Self-propelled Artillery
Bishop Self-propelled Artillery
6-pounder Anti-tank Gun Team
Selects Incendiary Bombing Run